 Dungeon Crawl Stone Soup version 0.27.1-33-g824d729ab1 (webtiles) character file.

Game seed: 5727650252098316574

159 sking99 the Stinger (level 5, 0/38 HPs)
             Began as a Draconian Venom Mage on Dec 9, 2021.
             Killed from afar by a white imp (6 damage)
             ... with a puff of frost
             ... on level 5 of the Dungeon.
             The game lasted 00:10:17 (5365 turns).

sking99 the Stinger (Draconian Venom Mage)          Turns: 5365, Time: 00:10:18

Health: 0/38       AC:  8    Str:  7    XL:     5   Next: 17%
Magic:  9/9        EV: 12    Int: 19    God:
Gold:   1290       SH:  0    Dex: 11    Spells: 4/10 levels left

rFire    + . .     SeeInvis .   j - +0 dagger
rCold    . . .     Faith    .   (no shield)
rNeg     . . .     Spirit   .   (armour unavailable)
rPois    .         Reflect  .   (helmet restricted)
rElec    .         Harm     .   (no cloak)
rCorr    .         Rampage  .   a - +2 pair of gloves "Sanaed" {+Blink Str-4 Int+3 Stlth+}
Will     .....                  (no boots)
Stlth    +++.......             (no amulet)
HPRegen  0.12/turn              m - ring of protection from fire
MPRegen  0.11/turn              (no ring)

@: no status effects
A: AC +5, unfitting armour, cold-blooded
a: Evoke Blink


You were on level 5 of the Dungeon.
You visited 1 branch of the dungeon, and saw 5 of its levels.

You collected 1290 gold pieces.

Inventory:

Hand Weapons
 j - a +0 dagger (weapon)
Armour
 a - the +2 pair of gloves "Sanaed" (worn) {+Blink Str-4 Int+3 Stlth+}
   (You acquired it on level 5 of the Dungeon)

   Str:       It affects your strength (-4).
   Int:       It affects your intelligence (+3).
   +Blink:    It lets you blink.
   Stlth:     It makes you more stealthy.
Jewellery
 m - a ring of protection from fire (left hand)
Scrolls
 d - a scroll of blinking {unknown}
 e - a scroll of identify
Potions
 b - a potion of attraction {unknown}
 f - a potion of curing
 g - 2 potions of resistance
 h - a potion of degeneration
 i - a potion of flight {unknown}
 k - 3 potions of berserk rage
 l - a potion of cancellation {unknown}


   Skills:
 - Level 1.7 Dodging
 - Level 1.7 Stealth
 + Level 3.2 Spellcasting
 + Level 0.8 Conjurations
 - Level 1.4 Transmutations
 + Level 2.2 Air Magic
 + Level 4.1 Poison Magic


You had 4 spell levels left.
You knew the following spells:

 Your Spells              Type           Power      Damage    Failure   Level
a - Sting                 Tmut/Pois      52%        1d5       4%          1
b - Poisonous Vapours     Pois/Air       30%        N/A       6%          2
c - Mephitic Cloud        Conj/Pois/Air  12%        N/A       17%         3

Your spell library contained the following spells:

 Spells                   Type           Power      Damage    Failure   Level
 Olgreb's Toxic Radiance  Pois           18%        N/A       26%         4


Dungeon Overview and Level Annotations

Branches:
Dungeon (5/15)
 Temple: D:4-7

Altars:
Trog


Innate Abilities, Weirdness & Mutations

Your plain brown scales are hard. (AC +5)
You cannot fit into any form of body armour.
You are cold-blooded and may be slowed by cold attacks.


Message History

You can't see any susceptible monsters within range! (Use Z to cast anyway.) Unknown command.
You closely miss the white imp. The white imp closely misses you.
You hit the white imp but do no damage. The white imp gestures at you.
The puff of frost hits you!
You hit the white imp but do no damage. The white imp gestures at you.
The puff of frost hits you!
You closely miss the white imp. The white imp gestures at you.
The puff of frost hits you.
You hit the white imp.
The white imp is lightly wounded.
The white imp barely misses you.
You hit the white imp but do no damage.
The white imp is lightly wounded.
The white imp hits you but does no damage.
You hit the white imp but do no damage.
The white imp is lightly wounded.
The white imp gestures at you.
The puff of frost hits you but does no damage.
You barely miss the white imp.
The white imp is lightly wounded.
The white imp closely misses you.
You closely miss the white imp.
The white imp is lightly wounded.
A phantom comes into view.
The white imp gestures at you. The puff of frost hits you!
* * * LOW HITPOINT WARNING * * *
You barely miss the white imp.
The white imp is lightly wounded.
The white imp closely misses you.
You barely miss the white imp.
The white imp is lightly wounded.
The white imp hits you but does no damage.
The white imp gestures at you. The puff of frost hits you.
You die...

#.##.# #..#.#
###+#+### #.#.#
#.......####...###
#...............<#
#.......#####...##
##.............>.#
#.....5...#+##...#
.#.#...@........#
...W.............#
##...###.........#
#.# #.........# ..
#......#### .
#/.....# #......#
##..(...# #......#


You could see a phantom and a white imp.

Vanquished Creatures
  A jelly (D:4)
  An iguana (D:5)
  A hound skeleton (D:4)
  An adder (D:3)
  A howler monkey skeleton (D:5)
  4 worms
  2 dart slugs
  4 orcs
  4 ball pythons
  6 endoplasms
  2 giant cockroaches (D:1)
  4 hobgoblins
  3 quokkas
  3 bats
  5 frilled lizards
  5 goblins
  3 kobolds (D:2)
  3 rats
53 creatures vanquished.

Notes
Turn   | Place    | Note
-------+----------+-------------------------------------------
     0 | D:1      | sking99 the Draconian Venom Mage began the quest for the
                  | Orb.
     0 | D:1      | Reached XP level 1. HP: 14/14 MP: 3/3
   363 | D:1      | Found a faded altar of an unknown god.
   472 | D:1      | Reached XP level 2. HP: 12/20 MP: 0/5
   614 | D:1      | Learned a level 2 spell: Poisonous Vapours
  1754 | D:2      | Reached XP level 3. HP: 26/26 MP: 1/6
  2152 | D:2      | Reached skill level 1 in Air Magic
  3494 | D:3      | Found a bloodstained altar of Trog.
  3662 | D:3      | Reached XP level 4. HP: 33/33 MP: 1/8
  3953 | D:4      | Identified a scroll of acquirement
  4477 | D:4      | Reached skill level 4 in Poison Magic
  4623 | D:4      | Learned a level 3 spell: Mephitic Cloud
  5105 | D:5      | Entered Level 5 of the Dungeon
  5121 | D:5      | Reached XP level 5. HP: 16/38 MP: 0/9
  5326 | D:5      | Acquired 1109 gold pieces
  5328 | D:5      | Acquired a ring of protection from fire
  5329 | D:5      | Acquired the +2 pair of gloves "Sanaed" {+Blink Str-4 Int+3
                  | Stlth+}
  5362 | D:5      | Noticed a phantom
  5365 | D:5      | Killed from afar by a white imp

Illustrated notes

Levels and vault maps discovered:
D:1:      dpeg_arrival_shelter, layout_basic,
          shapermc_ecumenical_altar_starsandcircs, bh_walls_and_bars
D:2:      layout_basic, hangedman_glass_teeth, st_stairs_14
D:3:      layout_rooms, trog_book, chequers_serial_rivers_small_b
D:4:      layout_loops_ring
D:5:      layout_basic, minmay_misc_feat_five

Skill      XL: |  1  2  3  4 |
---------------+-------------+-----
Air Magic      | 1 2 |  2.2
Spellcasting   | 3 |  3.2
Poison Magic   | 4 |  4.1
Dodging        | |  1.7
Stealth        | |  1.7
Conjurations   | |  0.8
Transmutations | |  1.4

Action                   |  1- 3 |  4- 6 || total
-------------------------+-------+-------++-------
Melee: Unarmed           |     8 |       ||     8
       Tailslap          |     2 |     5 ||     7
       Dagger            |    20 |    40 ||    60
 Cast: Sting             |    63 |    11 ||    74
       Poisonous Vapours |    42 |    18 ||    60
  Use: Scroll            |       |    10 ||    10
Armor: Skin              |     8 |    14 ||    22
Dodge: Dodged            |    38 |    30 ||    68
